 Dungeon Crawl Stone Soup version 0.29-a0-234-g0dae59b3db (webtiles) character file.

Game seed: 9480964074670927456

138 spaghetti the Shooter (level 5, 0/41 HPs)
             Began as a Barachi Hunter on Mar 2, 2022.
             Was a Follower of Ru.
             Succumbed to an adder's poison
             ... on level 3 of the Dungeon on Mar 3, 2022.
             The game lasted 00:05:41 (2359 turns).

spaghetti the Shooter (Barachi Hunter)              Turns: 2359, Time: 00:05:41

Health: 0/41       AC:  4    Str: 14 (15) XL:     5   Next: 21%
Magic:  5/5        EV: 11    Int:  8 (11) God:    Ru [*.....]
Gold:   146        SH:  0    Dex: 11 (13) Spells: 4/4 levels left

rFire   . . .      SeeInvis .   a - +1 shortbow {bow}
rCold   . . .      Faith    .   (shield currently unavailable)
rNeg    . . .      Spirit   .   g - +0 leather armour
rPois   .          Reflect  .   (no helmet)
rElec   .          Harm     .   (no cloak)
rCorr   .          Rampage  .   l - +0 pair of gloves
Will    .....                   (no boots)
Stlth   +.........              (no amulet)
HPRegen 0.13/turn               (no ring)
MPRegen 0.09/turn               (no ring)

@: lethally poisoned (0 -> -1), unable to hop, flying, hasted, quick
A: amphibious, slowness 1, no conjurations magic, no poison magic, no
transmutations magic, strong legs 1, +LOS
a: Hop, Renounce Religion


You were on level 3 of the Dungeon.
You worshipped Ru.
Ru was aware of your devotion.
You visited 1 branch of the dungeon, and saw 3 of its levels.

You collected 146 gold pieces.


Innate Abilities, Weirdness & Mutations

You are amphibious.
You cover ground slowly.
You cannot study or cast Conjurations magic.
You cannot study or cast Poison magic.
You cannot study or cast Transmutations magic.
You can hop short distances.
You have an extended range of vision and can be seen from far away.


   Skills:
 + Level 3.0 Fighting
 - Level 5.2 Bows
 - Level 3.5 Armour
 - Level 2.1 Dodging
 - Level 0.8 Stealth


You had 4 spell levels left.
You didn't know any spells.
Your spell library contained the following spells:

 Spells                   Type           Power      Damage    Failure   Level
 Lee's Rapid Deconstruct  Erth           0%         3d5*      100%        5
 Fulminant Prism          Conj/Hex       Unusable   3d6       N/A         4
 Iskenderun's Mystic Bla  Conj/Tloc      Unusable   2d3       N/A         4

Inventory:

Hand Weapons
 a - a +1 shortbow (weapon) {bow}
 b - a +0 spear {polearm}
   (You found it on level 2 of the Dungeon)
Missiles
 d - 6 poisoned darts {throwing}
 h - 24 stones {throwing}
 i - 9 boomerangs {throwing}
 j - a throwing net {=f!fthrowing}
Armour
 g - a +0 leather armour (worn)
 l - a +0 pair of gloves (worn)
   (You found it on level 2 of the Dungeon)
Magical Staves
 o - a staff of death {!astaff}
   (You found it on level 3 of the Dungeon)
Wands
 c - a wand of digging (5)
   (You found it on level 3 of the Dungeon)
Scrolls
 f - 2 scrolls of immolation {!r!r}

Dungeon Overview and Level Annotations

Branches:
Dungeon (3/15)

Altars:
Ru

Shops:
D:3

[ ##### ##...#####
#....#≈≈≈# #...≈#≈#≈#
#...≈#≈#r# #..≈≈†≈#≈≈
#...@#≈#≈##
#############...≈≈≈#≈≈
......[.÷........#≈###
#########.####..≈≈≈#
........>........≈≈#
###
########..###...###.#
#.# ## ..........#
##### .# #.## #.
.######...##### .#
#..# #.
.#.............. ##.##
#.


There were no monsters in sight!


Message History

Press: ? - help, Dir - move target Boing!
You feel sick. 😨 HP[-1]
You take 1 damage, and now have 15/39 hp.
Okay, then.
You aren't carrying any potions.
Okay, then.
Okay, then.
Okay, then.
You hit the adder but do no damage.
You feel sick.
The adder bites you but does no damage. 😨 HP[-1]
You take 1 damage, and now have 14/39 hp.
You closely miss the adder.
You feel sick.
The river rat twitches its whiskers.
The adder is stunned by your conviction and fails to attack. 😨 HP[-1]
You take 1 damage, and now have 13/39 hp.
You closely miss the adder.
You feel sick. The adder bites you.
* * * LOW HITPOINT WARNING * * *
😨 HP[-3]
You take 3 damage, and now have 10/39 hp.
Unknown command.
a - a +1 shortbow (weapon)
{bow} The adder bites you.
* * * LOW HITPOINT WARNING * * *
😱 HP[-2]
You take 2 damage, and now have 8/39 hp.
Shoot: a) +1 shortbow {bow}
Press: ? - help, Q - select action, (/) - cycle Shift-Dir - straight line, f - adder
Aim: an adder (heavily wounded, 42% to hit)
You shoot an arrow. The arrow closely misses the adder.
The arrow hits the river rat.
You feel sick.
You are no longer poisoned.
The adder bites you.
* * * LOW HITPOINT WARNING * * *
You are lethally poisoned!
The adder poisons you! 😱 HP[-2]
You take 2 damage, and now have 6/39 hp.
You aren't carrying any potions.
Okay, then.
Okay, then.
Really attack while wielding your +1 shortbow {bow}?
Okay, then.
Shoot: a) +1 shortbow {bow}
Press: ? - help, Q - select action, (/) - cycle Shift-Dir - straight line, f/p - adder
Aim: an adder (heavily wounded, 42% to hit)
You shoot an arrow. The arrow hits the adder!
You kill the adder!
* * * LOW HITPOINT WARNING * * *
You feel sick. 😱 HP[-1]
You take 1 damage, and now have 5/39 hp.
Shoot: a) +1 shortbow {bow}
Press: ? - help, Q - select action, (/) - cycle Shift-Dir - straight line, f - river rat
Aim: a river rat (moderately wounded, 57% to hit)
You shoot an arrow.
The arrow hits the river rat but does no damage.
* * * LOW HITPOINT WARNING * * *
You feel sick.
The river rat bites you but does no damage. 😱 HP[-1]
You take 1 damage, and now have 4/39 hp.
Shoot: a) +1 shortbow {bow}
Press: ? - help, Q - select action, (/) - cycle Shift-Dir - straight line, f/p - river rat
Aim: a river rat (moderately wounded, 57% to hit)
You shoot an arrow. The arrow hits the river rat.
* * * LOW HITPOINT WARNING * * *
You feel sick. The river rat misses you. 😱 HP[-1]
You take 1 damage, and now have 3/39 hp.
Shoot: a) +1 shortbow {bow}
Press: ? - help, Q - select action, (/) - cycle Shift-Dir - straight line, f/p - river rat
Aim: a river rat (almost dead, 57% to hit)
You shoot an arrow. The arrow closely misses the river rat.
* * * LOW HITPOINT WARNING * * *
You feel sick.
The river rat barely misses you. 😱 HP[-1]
You take 1 damage, and now have 2/39 hp.
Shoot: a) +1 shortbow {bow}
Press: ? - help, Q - select action, (/) - cycle Shift-Dir - straight line, f/p - river rat
Aim: a river rat (almost dead, 57% to hit)
You shoot an arrow. The arrow hits the river rat!
You kill the river rat!
* * * LOW HITPOINT WARNING * * *
You feel sick.
Your Fighting skill increases to level 3! 😱 HP[-1]
You now have 41 max hp (+2).
You are lethally poisoned (1 -> 0).
You are unable to hop.
You are flying.
Your actions are hasted.
Your flying speed is very quick.
Your attack delay is about 0.8.
Your base attributes are Str 15, Int 11, Dex 13.
You aren't carrying any potions.
Okay, then.
Okay, then.
There is a lethal amount of poison in your body!
You die...

Skill      XL: |  1  2  3  4  5 |
---------------+----------------+-----
Armour         | 1 2 3 |  3.5
Bows           | 5 |  5.2
Fighting       | 3 |  3.0
Dodging        | |  2.1
Stealth        | |  0.8

Action                   |  1- 3 |  4- 6 || total
-------------------------+-------+-------++-------
Melee: Unarmed           |     6 |       ||     6
       Spear             |       |    29 ||    29
 Fire: Shortbow          |    76 |    40 ||   116
Invok: Sacrifice Arcana  |     1 |       ||     1
 Abil: Hop               |     3 |     2 ||     5
  Use: Scroll            |     7 |       ||     7
       Potion            |     1 |     6 ||     7
Armor: Leather armour    |     8 |    11 ||    19
       Skin              |       |     3 ||     3
Dodge: Dodged            |    33 |    25 ||    58

Levels and vault maps discovered:
D:1:      lightli_arrival_chessboard, layout_basic,
          shapermc_ecumenical_altar_acropolis, serial_curves, eino_curves_03,
          eino_curves_03, minmay_misc_feat_nine_boxes, grunt_decor_cap
D:2:      cheibrodos_old_hovel, layout_basic
D:3:      layout_basic, lightli_sewer_entry_pipes, serial_shops,
          nicolae_diamond_shop

Notes
Turn   | Place    | Note
-------+----------+-------------------------------------------
     0 | D:1      | spaghetti the Barachi Hunter began the quest for the Orb.
     0 | D:1      | Reached XP level 1. HP: 17/17 MP: 1/1
     0 | D:1      | magus.rc [v1.9.6]
   220 | D:1      | Found a faded altar of an unknown god.
   281 | D:1      | Prayed at the altar of an unknown god.
   281 | D:1      | Became a worshipper of Ru the Awakened
   297 | D:1      | Gained mutation: You cannot study or cast Poison magic. [Ru
                  | sacrifice]
   297 | D:1      | Gained mutation: You cannot study or cast Transmutations
                  | magic. [Ru sacrifice]
   297 | D:1      | Gained mutation: You cannot study or cast Conjurations
                  | magic. [Ru sacrifice]
   297 | D:1      | Reached * piety under Ru
   349 | D:1      | You pick up a book of Blasting and begin reading...
   613 | D:2      | Reached XP level 2. HP: 23/23 MP: 2/2
   664 | D:2      | Reached skill level 1 in Armour
   966 | D:2      | Reached XP level 3. HP: 28/28 MP: 3/3
  1399 | D:3      | Reached skill level 2 in Armour
  1533 | D:3      | Reached XP level 4. HP: 31/34 MP: 4/4
  1565 | D:3      | HP: 6/34 [gnoll/+0 whip (4)]
  1572 | D:3      | Reached skill level 5 in Bows
  1577 | D:3      | Reached skill level 3 in Armour
  1872 | D:3      | Found Keonkac's Antique Armour Boutique.
  2192 | D:3      | Reached XP level 5. HP: 31/39 MP: 5/5
  2351 | D:3      | HP: 8/39 [adder (2)]
  2355 | D:3      | HP: 3/39 [poisoned by an adder]
  2357 | D:3      | HP: 1/39 [poisoned by an adder]
  2358 | D:3      | Reached skill level 3 in Fighting
  2359 | D:3      | Succumbed to an adder's poison

Vanquished Creatures
  4 gnolls (D:3)
  3 river rats (D:3)
  2 adders (D:3)
  2 worms
  7 orcs (D:3)
  8 ball pythons
  3 endoplasms
  A giant cockroach (D:2)
  A hobgoblin (D:2)
  2 jackals (D:2)
  A bat (D:1)
  4 goblins
  3 kobolds
  3 rats
44 creatures vanquished.

Vanquished Creatures (others)
  4 plants (D:2)
4 creatures vanquished.

Grand Total: 48 creatures vanquished

Table legend:
 A = Non-vault XP
 B = Vault XP
 C = Vault XP percentage of total XP
 D = Non-vault monster count
 E = Vault monster count
 F = Vault count percentage of total count
                 A         B        C        D         E       F
            +---------+---------+-------+---------+---------+-------
      Total |     134 |      64 |  32.3 |      37 |       7 |  15.9
            +---------+---------+-------+---------+---------+-------
        D:1 |       9 |       0 |   0.0 |       6 |       0 |   0.0
        D:2 |      29 |       2 |   6.5 |      15 |       1 |   6.2
        D:3 |      96 |      62 |  39.2 |      16 |       6 |  27.3
            +---------+---------+-------+---------+---------+-------

Illustrated notes

Table legend:
 A = Kills in this place as a percentage of kills in entire the game.
 B = Kills by you in this place as a percentage of kills by you in the entire game.
 C = Kills by friends in this place as a percentage of kills by friends in the entire game.
 D = Other kills in this place as a percentage of other kills in the entire game.
 E = Experience gained in this place as a percentage of experience gained in the entire game.
 F = Experience gained in this place divided by the number of levels of this place that you have seen.
                   A       B       C       D       E      F
               +-------+-------+-------+-------+-------+----------------------
         Total | 100.0 | 100.0 |   N/A |   N/A | 100.0 |  66.0
       Dungeon | 100.0 | 100.0 |   N/A |   N/A | 100.0 |  66.0
               +-------+-------+-------+-------+-------+----------------------

Table legend: (Time is in decaauts)
 A = Elapsed time spent in this place.
 B = Non-inter-level travel time spent in this place.
 C = Inter-level travel time spent in this place.
 D = Time resting spent in this place.
 E = Time spent auto-exploring this place.
 F = Levels seen in this place.
 G = Mean time per level.
                   A        B        C        D        E       F      G
               +--------+--------+--------+--------+--------+-----+--------+
         Total |   2651 |   2573 |     78 |    581 |   1661 |   3 |  883.7 |
       Dungeon |   2651 |   2573 |     78 |    581 |   1661 |   3 |  883.7 |
               +--------+--------+--------+--------+--------+-----+--------+

Top non-repeatable levels by time:
     D:3: 1086 daAuts
     D:2: 847 daAuts
     D:1: 717 daAuts
